TOP OF THE 1ST |
Pawtucket Red Sox batting - Pitching for Buffalo Bisons : RHP Douglas ten Pas
|
Pitching: RHP Douglas ten Pas
|
|
Batting: RHB Joe Sandoval
|
0-0: Called Strike 0-1: Fly out, F8 (Line Drive, 8RD, EV 86.9 MPH)
|
Batting: SHB Ben Ervin
|
0-0: Ground out 6-3 (Groundball, 6M, EV 108.1 MPH)
|
Batting: RHB Dave Burwell
|
0-0: Ball 1-0: Foul Ball, location: 2F 1-1: Ball 2-1: Ball 3-1: Called Strike 3-2: Strikes out swinging
|
Top of the 1st over - 0 runs, 0 hits, 0 errors, 0 left on base; Pawtucket 0 - Buffalo 0 |
BOTTOM OF THE 1ST |
Buffalo Bisons batting - Pitching for Pawtucket Red Sox : RHP Justin Stinson
|
Pitching: RHP Justin Stinson
|
|
Batting: RHB Michel Martineau
|
0-0: Called Strike 0-1: Ball 1-1: Ball 2-1: SINGLE (Groundball, 3S, EV 70.0 MPH) (infield hit)
|
Batting: RHB Frank Caulfield
|
0-0: Ball 1-0: Ball Michel Martineau is caught stealing 2nd base 2-4 2-0: Ground out 6-3 (Groundball, 6, EV 81.9 MPH)
|
Batting: SHB Dominik Hasek II
|
0-0: Called Strike 0-1: Ball 1-1: Called Strike 1-2: Ball 2-2: Foul Ball, location: 2F 2-2: Ball 3-2: Ground out 5-3 (Groundball, 56, EV 84.4 MPH)
|
Bottom of the 1st over - 0 runs, 1 hit, 0 errors, 0 left on base; Pawtucket 0 - Buffalo 0 |
TOP OF THE 2ND |
Pawtucket Red Sox batting - Pitching for Buffalo Bisons : RHP Douglas ten Pas
|
Batting: SHB Willie Koviak
|
0-0: Ball 1-0: Called Strike 1-1: Fly out, F9 (Flyball, 9LM, EV 85.6 MPH)
|
Batting: RHB Brandon Perris
|
0-0: Ball 1-0: Foul Ball, location: 2F 1-1: Foul Ball, location: 2F 1-2: Ball 2-2: Ball 3-2: Base on Balls
|
Batting: LHB Frank Olivo
|
0-0: Ball 1-0: Swinging Strike 1-1: Ball 2-1: Foul Ball, location: 2F 2-2: Strikes out swinging
|
Batting: RHB Rodolfo Contreras
|
0-0: Ball 1-0: Ball 2-0: Ball 3-0: Base on Balls Brandon Perris to second
|
Batting: RHB Sal Rivera
|
0-0: Called Strike 0-1: Called Strike 0-2: Ball 1-2: Ball 2-2: Ball 3-2: Strikes out looking
|
Top of the 2nd over - 0 runs, 0 hits, 0 errors, 2 left on base; Pawtucket 0 - Buffalo 0 |
BOTTOM OF THE 2ND |
Buffalo Bisons batting - Pitching for Pawtucket Red Sox : RHP Justin Stinson
|
Batting: RHB Alex Ramos
|
0-0: Ball 1-0: Called Strike 1-1: Called Strike 1-2: Strikes out swinging
|
Batting: RHB Kyle Scruggs
|
0-0: Called Strike 0-1: Foul Ball, location: 2F 0-2: Strikes out swinging
|
Batting: RHB Leo Mair
|
0-0: Ball 1-0: DOUBLE (Groundball, 3L, EV 105.6 MPH)
|
Batting: RHB Väinö Tapaninen
|
0-0: Foul Ball, location: 2F 0-1: Foul Ball, location: 2F 0-2: Ball 1-2: Foul Ball, location: 2F 1-2: Ball 2-2: Ball 3-2: Ground out 4-3 (Groundball, 4MD, EV 103.1 MPH)
|
Bottom of the 2nd over - 0 runs, 1 hit, 0 errors, 1 left on base; Pawtucket 0 - Buffalo 0 |
TOP OF THE 3RD |
Pawtucket Red Sox batting - Pitching for Buffalo Bisons : RHP Douglas ten Pas
|
Batting: RHB Neil Mautone
|
0-0: Called Strike 0-1: Foul Ball, location: 2F 0-2: Strikes out swinging
|
Batting: RHB Joe Sandoval
|
0-0: Ball 1-0: Swinging Strike 1-1: Ball 2-1: Foul Ball, location: 2F 2-2: Ground out 5-3 (Groundball, 56, EV 109.4 MPH)
|
Batting: SHB Ben Ervin
|
0-0: Ball 1-0: Foul Ball, location: 2F 1-1: Called Strike 1-2: Ball 2-2: Ball 3-2: Foul Ball, location: 2F 3-2: Foul Ball, location: 2F 3-2: Base on Balls
|
Batting: RHB Dave Burwell
|
0-0: SINGLE (Flyball, 8LS, EV 99.4 MPH) Ben Ervin to second
|
Batting: SHB Willie Koviak
|
0-0: Swinging Strike 0-1: Ball 1-1: Ball 2-1: Called Strike 2-2: Ball 3-2: Strikes out swinging
|
Top of the 3rd over - 0 runs, 1 hit, 0 errors, 2 left on base; Pawtucket 0 - Buffalo 0 |
BOTTOM OF THE 3RD |
Buffalo Bisons batting - Pitching for Pawtucket Red Sox : RHP Justin Stinson
|
Batting: RHB Bryan Peterson
|
0-0: Ball 1-0: Fly out, F4 (Popup, 4, EV 59.4 MPH)
|
Batting: RHB Jorge Baret
|
0-0: Swinging Strike 0-1: Ball 1-1: Swinging Strike 1-2: Strikes out swinging
|
Batting: RHB Michel Martineau
|
0-0: Ball 1-0: Foul Ball, location: 2F 1-1: Ball 2-1: Fly out, F8 (Flyball, 8LM, EV 89.4 MPH)
|
Bottom of the 3rd over - 0 runs, 0 hits, 0 errors, 0 left on base; Pawtucket 0 - Buffalo 0 |
TOP OF THE 4TH |
Pawtucket Red Sox batting - Pitching for Buffalo Bisons : RHP Douglas ten Pas
|
Batting: RHB Brandon Perris
|
0-0: Called Strike 0-1: Swinging Strike 0-2: Ball 1-2: Foul Ball, location: 2F 1-2: Ball 2-2: Foul Ball, location: 2F 2-2: Ball 3-2: Base on Balls
|
Batting: LHB Frank Olivo
|
0-0: Ball 1-0: Ball 2-0: Grounds into double play, 4-6-3 (Groundball, 4M, EV 87.5 MPH)
|
Batting: RHB Rodolfo Contreras
|
0-0: Called Strike 0-1: Ball 1-1: Swinging Strike 1-2: Ball 2-2: Strikes out swinging, 2-3 out at first.
|
Top of the 4th over - 0 runs, 0 hits, 0 errors, 0 left on base; Pawtucket 0 - Buffalo 0 |
BOTTOM OF THE 4TH |
Buffalo Bisons batting - Pitching for Pawtucket Red Sox : RHP Justin Stinson
|
Batting: RHB Frank Caulfield
|
0-0: Foul Ball, location: 2F 0-1: Ball 1-1: Reached on error, E3 (Groundball, 34S, EV 85.0 MPH)
|
Batting: SHB Dominik Hasek II
|
0-0: Ball 1-0: Ball 2-0: Called Strike 2-1: Fly out, F6 (Popup, 6MD, EV 70.6 MPH)
|
Batting: RHB Alex Ramos
|
0-0: Swinging Strike 0-1: Called Strike 0-2: Ball 1-2: Ball 2-2: Ball 3-2: Ground out 5-3 (Groundball, 56S, EV 89.4 MPH)
|
Batting: RHB Kyle Scruggs
|
0-0: Ball 1-0: SINGLE (Groundball, 25, EV 66.2 MPH) (infield hit) Frank Caulfield to third
|
Batting: RHB Leo Mair
|
0-0: Ball 1-0: Called Strike 1-1: Ball 2-1: Called Strike 2-2: Ball 3-2: Ground out 6-3 (Groundball, 6, EV 85.6 MPH)
|
Bottom of the 4th over - 0 runs, 1 hit, 1 error, 2 left on base; Pawtucket 0 - Buffalo 0 |
TOP OF THE 5TH |
Pawtucket Red Sox batting - Pitching for Buffalo Bisons : RHP Douglas ten Pas
|
Batting: RHB Sal Rivera
|
0-0: SINGLE (Line Drive, 7S, EV 98.8 MPH)
|
Batting: RHB Neil Mautone
|
0-0: Ground out 4-3 (Groundball, 34, EV 106.9 MPH) Sal Rivera to second
|
Batting: RHB Joe Sandoval
|
0-0: Swinging Strike 0-1: Swinging Strike 0-2: Ball 1-2: SINGLE (Line Drive, 7LS, EV 100.6 MPH) Sal Rivera to third Runner from 3rd tries for Home, throw by LF and OUT! 7-2
|
Batting: SHB Ben Ervin
|
0-0: Ball 1-0: Fly out, F9 (Flyball, 9LD, EV 86.9 MPH)
|
Top of the 5th over - 0 runs, 2 hits, 0 errors, 1 left on base; Pawtucket 0 - Buffalo 0 |
BOTTOM OF THE 5TH |
Buffalo Bisons batting - Pitching for Pawtucket Red Sox : RHP Justin Stinson
|
Batting: RHB Väinö Tapaninen
|
0-0: Ball 1-0: Called Strike 1-1: Ball 2-1: Ball 3-1: Foul Ball, location: 2F 3-2: Base on Balls
|
Batting: RHB Bryan Peterson
|
0-0: Called Strike 0-1: Ball 1-1: Ball 2-1: Ball 3-1: Swinging Strike 3-2: Strikes out swinging
|
Batting: RHB Jorge Baret
|
0-0: Ball 1-0: Called Strike 1-1: Foul Ball, location: 2F 1-2: SINGLE (Groundball, 6MD, EV 107.5 MPH) Väinö Tapaninen to second Runner from 2nd tries for 3rd, SAFE, throw by CF made to third Jorge Baret to second
|
Batting: RHB Michel Martineau
|
0-0: Called Strike 0-1: Swinging Strike 0-2: Ball 1-2: Strikes out swinging
|
Batting: RHB Frank Caulfield
|
0-0: Called Strike 0-1: DOUBLE (Line Drive, 7LM, EV 108.8 MPH) Väinö Tapaninen scores Jorge Baret scores
|
Batting: SHB Dominik Hasek II
|
0-0: Ball 1-0: Swinging Strike 1-1: Ball 2-1: Foul Ball, location: 2F 2-2: Ball 3-2: Base on Balls
|
Batting: RHB Alex Ramos
|
0-0: Ball 1-0: Swinging Strike 1-1: Ball 2-1: Foul Ball, location: 2F 2-2: Ball 3-2: Base on Balls Frank Caulfield to third Dominik Hasek II to second
|
Batting: RHB Kyle Scruggs
|
0-0: Ball 1-0: Called Strike 1-1: Called Strike 1-2: Strikes out swinging
|
Bottom of the 5th over - 2 runs, 2 hits, 0 errors, 3 left on base; Pawtucket 0 - Buffalo 2 |
TOP OF THE 6TH |
Pawtucket Red Sox batting - Pitching for Buffalo Bisons : RHP Douglas ten Pas
|
Batting: RHB Dave Burwell
|
0-0: Ball 1-0: Ball 2-0: Ground out 4-3 (Groundball, P, EV 92.5 MPH)
|
Batting: SHB Willie Koviak
|
0-0: Ball 1-0: Ball 2-0: Ball 3-0: Called Strike 3-1: Called Strike 3-2: SINGLE (Line Drive, 78S, EV 103.1 MPH)
|
Pinch Runner at 1st Matt Hinkle:
|
|
Batting: RHB Brandon Perris
|
0-0: Ball Matt Hinkle steals 2nd base (no throw) 1-0: Called Strike 1-1: Ball 2-1: Foul Ball, location: 2F 2-2: Ball 3-2: Fly out, F9 (Line Drive, 9LS, EV 91.2 MPH)
|
Batting: LHB Frank Olivo
|
0-0: Called Strike 0-1: Called Strike 0-2: Foul Ball, location: 2F 0-2: Ball 1-2: Fly out, F9 (Flyball, 89S, EV 86.9 MPH)
|
Top of the 6th over - 0 runs, 1 hit, 0 errors, 1 left on base; Pawtucket 0 - Buffalo 2 |
BOTTOM OF THE 6TH |
Buffalo Bisons batting - Pitching for Pawtucket Red Sox : RHP Justin Stinson
|
Pitching: RHP Jose Escobar
|
|
Now at 2B: Matt Hinkle
|
|
Now at 3B: Brandon Perris
|
|
Now at SS: Joe Sandoval
|
|
Batting: RHB Leo Mair
|
0-0: Called Strike 0-1: Foul Ball, location: 2F 0-2: Ball 1-2: Fly out, F9 (Line Drive, 9, EV 94.4 MPH)
|
Batting: RHB Väinö Tapaninen
|
0-0: Called Strike 0-1: Ball 1-1: Swinging Strike 1-2: Strikes out looking
|
Batting: RHB Bryan Peterson
|
0-0: Ground out 6-3 (Groundball, 6, EV 105.0 MPH)
|
Bottom of the 6th over - 0 runs, 0 hits, 0 errors, 0 left on base; Pawtucket 0 - Buffalo 2 |
TOP OF THE 7TH |
Pawtucket Red Sox batting - Pitching for Buffalo Bisons : RHP Douglas ten Pas
|
Batting: RHB Rodolfo Contreras
|
0-0: Ground out 5-3 (Groundball, 5, EV 80.0 MPH)
|
Pitching: RHP Joe Spencer
|
|
Batting: RHB Sal Rivera
|
0-0: Ball 1-0: Foul Ball, location: 2F 1-1: Foul Ball, location: 2F 1-2: Strikes out swinging
|
Batting: RHB Neil Mautone
|
0-0: Ball 1-0: Called Strike 1-1: Swinging Strike 1-2: Ball 2-2: Strikes out swinging
|
Top of the 7th over - 0 runs, 0 hits, 0 errors, 0 left on base; Pawtucket 0 - Buffalo 2 |
BOTTOM OF THE 7TH |
Buffalo Bisons batting - Pitching for Pawtucket Red Sox : RHP Jose Escobar
|
Batting: RHB Jorge Baret
|
0-0: Ball 1-0: Called Strike 1-1: Ground out 6-3 (Groundball, 6, EV 78.1 MPH)
|
Batting: RHB Michel Martineau
|
0-0: Called Strike 0-1: Ball 1-1: Swinging Strike 1-2: Ball 2-2: Ball 3-2: Foul Ball, location: 2F 3-2: Foul Ball, location: 2F 3-2: Base on Balls
|
Batting: RHB Frank Caulfield
|
0-0: Ball Michel Martineau steals 2nd base (no throw) 1-0: Ball 2-0: Foul Ball, location: 2F 2-1: Foul Ball, location: 2F 2-2: DOUBLE (Line Drive, 3D, EV 105.0 MPH) Michel Martineau scores
|
Batting: SHB Dominik Hasek II
|
0-0: Ball 1-0: Ball 2-0: Called Strike 2-1: 2-RUN HOME RUN (Flyball, 9D, EV 94.4 MPH), Distance : 364 ft
|
Pitching: LHP Eric Del Sordo
|
|
Batting: RHB Alex Ramos
|
0-0: Ball 1-0: Ground out 6-3 (Groundball, 56, EV 88.8 MPH)
|
Batting: RHB Kyle Scruggs
|
0-0: Ball 1-0: Called Strike 1-1: Ball 2-1: Called Strike 2-2: Foul Ball, location: 2F 2-2: Ball 3-2: Base on Balls
|
Batting: RHB Leo Mair
|
0-0: Ball 1-0: Called Strike 1-1: Ball 2-1: Ball 3-1: Fly out, F4 (Flyball, 4D, EV 90.6 MPH)
|
Bottom of the 7th over - 3 runs, 2 hits, 0 errors, 1 left on base; Pawtucket 0 - Buffalo 5 |
TOP OF THE 8TH |
Pawtucket Red Sox batting - Pitching for Buffalo Bisons : RHP Joe Spencer
|
Batting: RHB Joe Sandoval
|
0-0: Ball 1-0: Called Strike 1-1: DOUBLE (Line Drive, 78M, EV 93.8 MPH)
|
Batting: SHB Ben Ervin
|
0-0: Swinging Strike 0-1: Foul Ball, location: 2F 0-2: Ground out 4-3 (Groundball, 34D, EV 105.0 MPH) Joe Sandoval to third
|
Batting: RHB Dave Burwell
|
0-0: Ball 1-0: Foul Ball, location: 2F 1-1: Swinging Strike 1-2: Ball 2-2: Ball 3-2: SINGLE (Line Drive, 9S, EV 96.9 MPH) Joe Sandoval scores
|
Batting: RHB Matt Hinkle
|
0-0: Ball 1-0: Foul Ball, location: 2F 1-1: Fly out, F8 (Line Drive, 8LM, EV 94.4 MPH)
|
Batting: RHB Brandon Perris
|
0-0: Ball 1-0: Foul Ball, location: 2F 1-1: Ball 2-1: Ball 3-1: Foul Ball, location: 2F 3-2: Foul Ball, location: 2F 3-2: Strikes out swinging
|
Top of the 8th over - 1 run, 2 hits, 0 errors, 1 left on base; Pawtucket 1 - Buffalo 5 |
BOTTOM OF THE 8TH |
Buffalo Bisons batting - Pitching for Pawtucket Red Sox : LHP Eric Del Sordo
|
Batting: RHB Väinö Tapaninen
|
0-0: Foul Ball, location: 2F 0-1: Ball 1-1: SINGLE (Groundball, 6MD, EV 106.9 MPH)
|
Batting: RHB Bryan Peterson
|
0-0: Ball 1-0: Bunt missed! 1-1: Sac Bunt to 2L - play at second, runner OUT! 2-6
|
Batting: RHB Jorge Baret
|
0-0: Ball 1-0: Ball 2-0: Called Strike 2-1: Ball 3-1: Called Strike 3-2: Foul Ball, location: 2F 3-2: Foul Ball, location: 2F 3-2: SINGLE (Line Drive, 4D, EV 98.8 MPH) Bryan Peterson to second Bryan Peterson to third
|
Batting: RHB Michel Martineau
|
0-0: Ball 1-0: Swinging Strike 1-1: Ball 2-1: Swinging Strike 2-2: Ball 3-2: Base on Balls Jorge Baret to second
|
Batting: RHB Frank Caulfield
|
0-0: Ball 1-0: Ball 2-0: Ball 3-0: Called Strike 3-1: Base on Balls Bryan Peterson scores Jorge Baret to third Michel Martineau to second
|
Batting: SHB Dominik Hasek II
|
0-0: Called Strike 0-1: Ball 1-1: Ball 2-1: DOUBLE (Line Drive, 7LD, EV 107.5 MPH) Jorge Baret scores Michel Martineau scores Frank Caulfield to third Runner from 3rd tries for Home, SAFE, throw by LF to trailing runner, SAFE at third!
|
Batting: RHB Alex Ramos
|
0-0: Ball 1-0: Foul Ball, location: 2F 1-1: Ball 2-1: Ground out 6-3 (Groundball, 6, EV 83.1 MPH) Dominik Hasek II scores
|
Pitching: LHP Ken Intagliata
|
|
Batting: RHB Kyle Scruggs
|
0-0: Foul Ball, location: 2F 0-1: Ball 1-1: Called Strike 1-2: Strikes out swinging
|
Bottom of the 8th over - 5 runs, 3 hits, 0 errors, 0 left on base; Pawtucket 1 - Buffalo 10 |
TOP OF THE 9TH |
Pawtucket Red Sox batting - Pitching for Buffalo Bisons : RHP Joe Spencer
|
Batting: LHB Frank Olivo
|
0-0: Called Strike 0-1: Ball 1-1: Foul Ball, location: 2F 1-2: Foul Ball, location: 2F 1-2: Fly out, F9 (Flyball, 9LMF, EV 88.8 MPH)
|
Pitching: RHP Mel Schultz
|
|
Pinch Hitting: RHB David Norum
|
0-0: Ball 1-0: SINGLE (Groundball, 34D, EV 98.8 MPH)
|
Batting: RHB Sal Rivera
|
0-0: Ball 1-0: Foul Ball, location: 2F 1-1: Foul Ball, location: 2F 1-2: Grounds into double play, 5-4-3 (Groundball, 56, EV 103.1 MPH)
|
Top of the 9th over - 0 runs, 1 hit, 0 errors, 0 left on base; Pawtucket 1 - Buffalo 10 |
|